 Dungeon Crawl Stone Soup version 0.19-a0-1238-gee6bd96 (webtiles) character file.

8 inmateoo the Insei (level 2, -2/21 HPs)
             Began as a Human Transmuter on Aug 26, 2016.
             Killed from afar by Natasha (7 damage)
             ... with a magic dart
             ... on level 2 of the Dungeon.
             The game lasted 00:01:36 (452 turns).

inmateoo the Insei (Human Transmuter)                Turns: 452, Time: 00:01:37

Health: -2/21      AC:  7    Str: 10    XL:     2   Next: 15%
Magic:  3/5        EV: 12    Int: 13    God:
Gold:   58         SH:  0    Dex: 13    Spells: 2 memorised, 2 levels left

rFire  . . .     SeeInvis .       - Unarmed
rCold  . . .     Gourm    .     b - +0 robe
rNeg   . . .     Faith    .     (no shield)
rPois  .         Spirit   .     k - +0 helmet
rElec  .         Dismiss  .     (no cloak)
rCorr  .         Reflect  .     (no gloves)
MR     .....     Harm     .     (no boots)
Stlth  +.........               (no amulet)
                                (no ring)
                                i - +4 ring of protection

@: slowed, very slow
A: no striking features
a: no special abilities


You were on level 2 of the Dungeon.
You were not hungry.

You visited 1 branch of the dungeon, and saw 2 of its levels.

You collected 58 gold pieces.

Inventory:

Hand Weapons
 e - a +0 dagger
Missiles
 a - 44 arrows
Armour
 b - a +0 robe (worn)
 k - a +0 helmet (worn)
Jewellery
 i - a +4 ring of protection (left hand)
Scrolls
 f - a scroll of magic mapping {unknown}
 g - a scroll of enchant armour {unknown}
 h - a scroll of remove curse {unknown}
 j - 2 scrolls of identify {unknown}
 l - a scroll of fog {unknown}
 m - a scroll of teleportation {unknown}
Potions
 n - a potion of degeneration {unknown}
 o - a potion of berserk rage {unknown}
Books
 c - a book of Changes

   Spells                             Type                      Level
   a - Beastly Appendage              Transmutation                1
   b - Sticks to Snakes               Transmutation                2
   c - Spider Form                    Transmutation/Poison         3
   d - Ice Form                       Ice/Transmutation            4
   e - Blade Hands                    Transmutation                5
Comestibles
 d - a bread ration


   Skills:
 - Level 1.0 Fighting
 - Level 2.0 Dodging
 * Level 3.1 Unarmed Combat
 + Level 2.1 Spellcasting
 * Level 2.4 Transmutations


You had 2 spell levels left.
You knew the following spells:

 Your Spells              Type           Power        Failure   Level  Hunger
a - Beastly Appendage     Tmut           #.....       12%         1    ##.....
b - Sticks to Snakes      Tmut           #.......     17%         2    ###....


Dungeon Overview and Level Annotations

Branches:
Dungeon (2/15)

Altars:

Annotations:
D:2 Natasha


Message History

Natasha is lightly wounded.
Your ball python bites Natasha.
Your ball python constricts Natasha.
Natasha closely misses you. The orc closely misses you.
Your ball python bites Natasha but does no damage.
Your ball python constricts Natasha.
Natasha closely misses you.
Unknown command.
You barely miss Natasha.
Natasha is lightly wounded.
Your ball python bites Natasha but does no damage.
Your ball python constricts Natasha.
The orc hits you with a hand axe. Natasha completely misses you.
Unknown command.
You hit Natasha but do no damage.
Natasha is lightly wounded.
Your ball python bites Natasha but does no damage.
Your ball python constricts Natasha.
The orc hits you with a hand axe.
* * * LOW HITPOINT WARNING * * *
Natasha casts a spell at you. The magic dart hits you!
You die...

#.# #.# #.# #.# ########
#.# #†# #......#
#.#####.##########......###
#......((........#......<..
#......#########.#......###
#......#########.#.........
.......'>(.......o.........
#....(.#.#######@#.......##
#.######........Sh.........
#.### ###.......#######.##
.(..# #.......###### #
#.#.######.............#
..#......#..............
.........+....†........#
####.....#.............#
#.....##....#.......#


You could see Natasha, an orc and a friendly ball python.

Vanquished Creatures
  A bat (D:1)
  2 goblins (D:1)
  A kobold (D:2)
  A ball python (D:2)
  A giant newt (D:1)
  2 rats
8 creatures vanquished.

Notes
Turn   | Place    | Note
-------+----------+-------------------------------------------
     0 | D:1      | inmateoo the Human Transmuter began the quest for the Orb.
     0 | D:1      | Reached XP level 1. HP: 15/15 MP: 3/3
   368 | D:2      | Reached XP level 2. HP: 21/21 MP: 3/5
   377 | D:2      | Learned a level 2 spell: Sticks to Snakes
   434 | D:2      | Noticed Natasha
   452 | D:2      | Killed from afar by Natasha

Vault maps used:
D:1:      dpeg_arrival_tiny_g, kennysheep_minor_cross
D:2:      gammafunk_temple_overflow_claw, uniq_natasha

Action                   || total
-------------------------++-------
Melee: Unarmed           ||    30
       Kick              ||     2
 Cast: Beastly Appendage ||     4
       Sticks to Snakes  ||     1
Armor: Robe              ||     9
Dodge: Dodged            ||    28
